 Dungeon Crawl Stone Soup version 0.17.1-1-g73c8601 (webtiles) character file.

77 Gargoyl the Skirmisher (level 4, -1/37 HPs)
             Began as a Demonspawn Abyssal Knight on Jan 4, 2016.
             Was a Believer of Lugonu.
             Slain by Jessica (4 damage)
             ... on level 2 of the Dungeon.
             The game lasted 00:04:48 (1855 turns).

Gargoyl the Skirmisher (Demonspawn Abyssal Knight)  Turns: 1855, Time: 00:04:48

Health: -1/37      AC:  9    Str: 13    XL:     4   Next: 13%
Magic:  6/6        EV: 10    Int: 14    God:    Lugonu [**....]
Gold:   72         SH:  0    Dex: 12    Spells: 0 memorised, 3 levels left

rFire  . . .     SeeInvis .     a - +1 hand axe
rCold  . . .     Clarity  .     h - +0 ring mail
rNeg   + . .     SustAt   .     (no shield)
rPois  .         Gourm    .     (no helmet)
rElec  .         Spirit   .     (no cloak)
rCorr  .         Warding  +     (no gloves)
rMut   .         Stasis   .     (no boots)
MR     .....                    d - amulet of warding
Stlth  ..........               (no ring)
                                (no ring)

@: slowed, very slow, not resistant to hostile enchantments, extremely
unstealthy
A: hooves 1, iridescent scales 1, powered by death 1
a: Depart the Abyss, Bend Space, Renounce Religion


You were on level 2 of the Dungeon.
You worshipped Lugonu.
Lugonu was pleased with you.
You were not hungry.

You visited 1 branch of the dungeon, and saw 3 of its levels.
You visited the Abyss 1 time.

You collected 72 gold pieces.

Inventory:

Hand Weapons
 a - a +1 hand axe (weapon)
Armour
 h - a +0 ring mail (worn)
Jewellery
 d - an amulet of warding (around neck)
Wands
 b - a wand of random effects (9)
Scrolls
 c - a scroll of remove curse
 e - 3 scrolls of identify
 g - 2 scrolls of magic mapping {unknown}
Comestibles
 f - a meat ration


   Skills:
 + Level 3.8 Fighting
 + Level 2.0 Axes
 + Level 2.2 Armour
 + Level 1.6 Dodging
 + Level 0.4 Stealth
 + Level 3.3 Invocations


You had 3 spell levels left.
You didn't know any spells.

Dungeon Overview and Level Annotations

Branches:
Dungeon (3/15)

Altars:

Annotations:
D:2 Jessica
D:3 Gargoyl's ghost, amateur DsAK


Innate Abilities, Weirdness & Mutations

You have large cloven feet.
You are partially covered in iridescent scales (AC +4).
You regenerate a little health from kills.


Message History

Jessica hits you but does no damage.
Jessica zaps a wand.
The puff of flame hits you!
* * * LOW HITPOINT WARNING * * *
Jessica gestures wildly while chanting.
Jessica blinks!
You aren't carrying any potions.
Jessica zaps a wand.
Nothing appears to happen.
Jessica says, "I'm really upset."
Things that are here:
a whip; a rat corpse; a kobold corpse Jessica barely misses you.
Jessica hits you but does no damage.
You barely miss Jessica.
Jessica is almost dead.
Jessica barely misses you. Jessica closely misses you.
Jessica hits you but does no damage.
You barely miss Jessica.
Jessica is almost dead.
Jessica grins evilly.
Jessica hits you.
You die...

...# ##.# ... .#.# ...
.#.# ... ...# #+# #.#
...# #.# #.# ...# #.#
#.# ##.## #.# #@# #..#
#.# #@#######
#..########.###)...)...
#......................
###.#######.###########
#(## #.# #..# #.# ##.##
#.# #..# #.# ##.## #.#


You could see Jessica.

Vanquished Creatures
  Natasha (twice) (D:2)
  3 oozes
  A giant cockroach (D:3)
  3 hobgoblins
  A ball python (D:1)
  7 bats
  2 giant newts
  A goblin (D:3)
  5 kobolds
  11 rats
36 creatures vanquished.

Vanquished Creatures (others)
  Natasha (D:2)
1 creature vanquished.

Grand Total: 37 creatures vanquished

Notes
Turn   | Place    | Note
--------------------------------------------------------------
     0 | Abyss:1  | Gargoyl the Demonspawn Abyssal Knight began the quest for the Orb.
     0 | Abyss:1  | Reached XP level 1. HP: 18/18 MP: 2/2
    67 | Abyss:1  | Noticed a tentacled starspawn
    68 | Abyss:1  | Noticed an apocalypse crab
    75 | D:1      | Escaped the Abyss
   147 | D:1      | Reached * piety under Lugonu
   205 | D:1      | Reached skill level 1 in Dodging
   419 | D:1      | Gained mutation: You have large cloven feet. [demonic ancestry]
   419 | D:1      | Reached XP level 2. HP: 4/24 MP: 4/4
  1064 | D:2      | Gained mutation: You are partially covered in iridescent scales (AC +4). [demonic ancestry]
  1064 | D:2      | Reached XP level 3. HP: 29/29 MP: 5/5
  1086 | D:2      | Noticed Natasha
  1104 | D:2      | Killed Natasha
  1128 | D:2      | Noticed Natasha
  1155 | D:2      | Killed Natasha
  1200 | D:2      | Noticed Natasha
  1408 | D:2      | Killed Natasha
  1461 | D:3      | Gained mutation: You regenerate a little health from kills. [demonic ancestry]
  1461 | D:3      | Reached XP level 4. HP: 34/37 MP: 6/6
  1535 | D:3      | Reached ** piety under Lugonu
  1617 | D:3      | Noticed Gargoyl's ghost (amateur DsAK)
  1831 | D:2      | Noticed Jessica
  1855 | D:2      | Slain by Jessica

Action                   |  1- 3 |  4- 6 || total
-------------------------+-------+-------++-------
Melee: Hand axe          |   122 |    23 ||   145
Invok: Depart the Abyss  |     1 |       ||     1
Evoke: Wand              |       |     3 ||     3
  Use: Potion            |     3 |       ||     3
       Scroll            |     1 |     3 ||     4
 Stab: Invisible         |     1 |       ||     1
  Eat: Bread ration      |     1 |       ||     1
